MID
CHARLESTON RIVERDOGS @ LANSING LUGNUTS
05/07/2048
 
TOP OF THE 1ST
Charleston RiverDogs batting - Pitching for Lansing Lugnuts : RHP Danny Walker
Pitching: RHP Danny Walker
Batting: LHB Justin O'Neal 0-0: Called Strike
0-1: Ball
1-1: Ball
2-1: Ball
3-1: SINGLE (Groundball, 56D, EV 102.5 MPH)
Batting: SHB Corey Penson 0-0: Ball
1-0: Ball
2-0: Called Strike
2-1: Ball
3-1: SINGLE (Groundball, 4MD, EV 99.4 MPH)
Justin O'Neal to second
Runner from 2nd tries for 3rd, SAFE, throw by CF made to third
Batting: LHB Steve LeGrand 0-0: Called Strike
0-1: Swinging Strike
0-2: Strikes out looking
Batting: RHB Jonathan Iniguez 0-0: Called Strike
0-1: Ball
1-1: DOUBLE (Flyball, 89D, EV 103.8 MPH)
Justin O'Neal scores
Corey Penson to third
Batting: LHB Dale Anderson 0-0: Ball
1-0: Called Strike
1-1: Foul Ball, location: 2F
1-2: Foul Ball, location: 2F
1-2: Foul Ball, location: 2F
1-2: Foul Ball, location: 2F
1-2: Foul Ball, location: 2F
1-2: Ball
2-2: Strikes out swinging
Batting: LHB Marc Durgin 0-0: Ball
1-0: Ball
2-0: Called Strike
2-1: Called Strike
2-2: Strikes out swinging
Top of the 1st over - 1 run, 3 hits, 0 errors, 2 left on base; Charleston 1 - Lansing 0
BOTTOM OF THE 1ST
Lansing Lugnuts batting - Pitching for Charleston RiverDogs : RHP Bobby Kosmicki
Pitching: RHP Bobby Kosmicki
Batting: LHB Timo Gomez 0-0: Called Strike
0-1: Ball
1-1: Ball
2-1: Foul Ball, location: 2F
2-2: Ground out 1-3 (Groundball, 13S, EV 63.8 MPH)
Batting: LHB Frank Nelson 0-0: SINGLE (Groundball, 4MD, EV 103.1 MPH)
Batting: RHB Raul de la Cruz 0-0: Called Strike
0-1: Called Strike
0-2: Ball
1-2: Fly out, F8 (Flyball, 8RD, EV 85.0 MPH)
Batting: RHB John Michener Balk!
Frank Nelson to second
0-0: Fly out, F7 (Flyball, 7D, EV 105.0 MPH)
Bottom of the 1st over - 0 runs, 1 hit, 0 errors, 1 left on base; Charleston 1 - Lansing 0
TOP OF THE 2ND
Charleston RiverDogs batting - Pitching for Lansing Lugnuts : RHP Danny Walker
Batting: RHB Nate Singleton 0-0: Foul Ball, location: 2F
0-1: Called Strike
0-2: Ball
1-2: Ball
2-2: Strikes out looking
Batting: RHB Matt Alderson 0-0: Called Strike
0-1: Swinging Strike
0-2: Ground out 4-3 (Groundball, 4, EV 91.2 MPH)
Batting: RHB Louwe Starmans 0-0: Foul Ball, location: 2F
0-1: Ground out 5-3 (Groundball, 56, EV 102.5 MPH)
Top of the 2nd over - 0 runs, 0 hits, 0 errors, 0 left on base; Charleston 1 - Lansing 0
BOTTOM OF THE 2ND
Lansing Lugnuts batting - Pitching for Charleston RiverDogs : RHP Bobby Kosmicki
Batting: RHB Dylan Phillips 0-0: Called Strike
0-1: Called Strike
0-2: Ground out 3-1 (Groundball, 34S, EV 90.6 MPH)
Batting: RHB Jamie Ogilvie 0-0: Called Strike
0-1: Fly out, F4 (Popup, 34D, EV 53.8 MPH)
Batting: RHB Dan Muns 0-0: Ball
1-0: Ball
2-0: Hit by Pitch
Batting: RHB Jose Ontiveros 0-0: Foul Ball, location: 2F
0-1: Ball
1-1: Called Strike
1-2: Strikes out swinging, 2-3 out at first.
Bottom of the 2nd over - 0 runs, 0 hits, 0 errors, 1 left on base; Charleston 1 - Lansing 0
TOP OF THE 3RD
Charleston RiverDogs batting - Pitching for Lansing Lugnuts : RHP Danny Walker
Batting: LHB Justin O'Neal 0-0: Ball
1-0: Called Strike
1-1: Ball
2-1: Foul Ball, location: 2F
2-2: Ball
3-2: Strikes out swinging
Batting: SHB Corey Penson 0-0: Called Strike
0-1: Ball
1-1: Swinging Strike
1-2: Strikes out swinging
Batting: LHB Steve LeGrand 0-0: Called Strike
0-1: Foul Ball, location: 2F
0-2: Ball
1-2: Ground out 4-3 (Groundball, 4D, EV 103.8 MPH)
Top of the 3rd over - 0 runs, 0 hits, 0 errors, 0 left on base; Charleston 1 - Lansing 0
BOTTOM OF THE 3RD
Lansing Lugnuts batting - Pitching for Charleston RiverDogs : RHP Bobby Kosmicki
Batting: LHB Roger Escareno 0-0: Ball
1-0: Foul Ball, location: 2F
1-1: Called Strike
1-2: SINGLE (Line Drive, 6M, EV 96.2 MPH)
Batting: LHB Timo Gomez 0-0: Foul Ball, location: 2F
0-1: Called Strike
0-2: Foul Ball, location: 2F
0-2: Ball
1-2: Fielders Choice at 2nd, 3-6 (Groundball, 3, EV 80.0 MPH)
Batting: LHB Frank Nelson 0-0: Foul Ball, location: 2F
0-1: Called Strike
0-2: Ball
1-2: Ball
2-2: Ball
Wild Pitch!
Timo Gomez to second
3-2: DOUBLE (Flyball, 8RXD, EV 100.6 MPH)
Timo Gomez scores
Batting: RHB Raul de la Cruz 0-0: Called Strike
0-1: Ball
1-1: Called Strike
1-2: Strikes out swinging
Batting: RHB John Michener 0-0: Foul Ball, location: 2F
0-1: SINGLE (Line Drive, 7LS, EV 103.8 MPH)
Frank Nelson to third
Runner from 3rd tries for Home, throw by LF and OUT! 7-2
Bottom of the 3rd over - 1 run, 3 hits, 0 errors, 1 left on base; Charleston 1 - Lansing 1
TOP OF THE 4TH
Charleston RiverDogs batting - Pitching for Lansing Lugnuts : RHP Danny Walker
Batting: RHB Jonathan Iniguez 0-0: Called Strike
0-1: Called Strike
0-2: Ground out U3 (Groundball, 34, EV 86.9 MPH)
Batting: LHB Dale Anderson 0-0: Ball
1-0: Ball
2-0: Foul Ball, location: 2F
2-1: Ground out U3 (Groundball, 34, EV 105.0 MPH)
Batting: LHB Marc Durgin 0-0: Called Strike
0-1: SINGLE (Groundball, 56D, EV 103.1 MPH)
Batting: RHB Nate Singleton 0-0: Foul Ball, location: 2F
0-1: Ball
1-1: Swinging Strike
1-2: Ball
2-2: Fly out, F7 (Line Drive, 78M, EV 95.0 MPH)
Top of the 4th over - 0 runs, 1 hit, 0 errors, 1 left on base; Charleston 1 - Lansing 1
BOTTOM OF THE 4TH
Lansing Lugnuts batting - Pitching for Charleston RiverDogs : RHP Bobby Kosmicki
Batting: RHB Dylan Phillips 0-0: Ground out 1-3 (Groundball, 15S, EV 69.4 MPH)
Batting: RHB Jamie Ogilvie 0-0: Called Strike
0-1: Called Strike
0-2: Ball
1-2: Ball
2-2: Foul Ball, location: 2F
2-2: Ball
3-2: Base on Balls
Batting: RHB Dan Muns 0-0: Called Strike
0-1: Ball
Jamie Ogilvie is caught stealing 2nd base 2-4
1-1: Swinging Strike
1-2: Strikes out looking
Bottom of the 4th over - 0 runs, 0 hits, 0 errors, 0 left on base; Charleston 1 - Lansing 1
TOP OF THE 5TH
Charleston RiverDogs batting - Pitching for Lansing Lugnuts : RHP Danny Walker
Batting: RHB Matt Alderson 0-0: Swinging Strike
0-1: Foul Ball, location: 2F
0-2: Ball
1-2: Ball
2-2: Fly out, F8 (Flyball, 8LD, EV 93.1 MPH)
Batting: RHB Louwe Starmans 0-0: Called Strike
0-1: Ground out 5-3 (Groundball, 56, EV 101.9 MPH)
Batting: LHB Justin O'Neal 0-0: Ball
1-0: Ground out 5-3 (Groundball, 56S, EV 62.5 MPH)
Top of the 5th over - 0 runs, 0 hits, 0 errors, 0 left on base; Charleston 1 - Lansing 1
BOTTOM OF THE 5TH
Lansing Lugnuts batting - Pitching for Charleston RiverDogs : RHP Bobby Kosmicki
Batting: RHB Jose Ontiveros 0-0: Ball
1-0: Ball
2-0: Ball
3-0: Called Strike
3-1: Foul Ball, location: 2F
3-2: DOUBLE (Line Drive, 9LD, EV 106.9 MPH)
Batting: LHB Roger Escareno 0-0: Foul Ball, location: 2F
0-1: Ball
1-1: Foul Ball, location: 2F
1-2: SINGLE (Line Drive, 7S, EV 86.2 MPH)
Jose Ontiveros to third
Runner from 3rd tries for Home, SAFE, throw by LF to home
Batting: LHB Timo Gomez 0-0: Ball
1-0: Ball
2-0: Foul Ball, location: 2F
2-1: Ball
3-1: Fly out, F8 (Flyball, 8LXD, EV 85.0 MPH)
Batting: LHB Frank Nelson 0-0: Fielders Choice at 2nd, 6-4 (Groundball, 6M, EV 96.2 MPH)
Batting: RHB Raul de la Cruz 0-0: Ball
Frank Nelson is caught stealing 2nd base 2-4
Bottom of the 5th over - 1 run, 2 hits, 0 errors, 0 left on base; Charleston 1 - Lansing 2
TOP OF THE 6TH
Charleston RiverDogs batting - Pitching for Lansing Lugnuts : RHP Danny Walker
Batting: SHB Corey Penson 0-0: Called Strike
0-1: Swinging Strike
0-2: Ball
1-2: Ground out 4-3 (Groundball, 4, EV 83.1 MPH)
Batting: LHB Steve LeGrand 0-0: Ball
1-0: SINGLE (Line Drive, 89M, EV 107.5 MPH)
Batting: RHB Jonathan Iniguez 0-0: Called Strike
0-1: Ball
1-1: Swinging Strike
1-2: SINGLE (Line Drive, 56D, EV 96.2 MPH)
Steve LeGrand to second
Batting: LHB Dale Anderson 0-0: Called Strike
0-1: Ball
1-1: Ball
2-1: Fly out, F7 (Flyball, 7LM, EV 97.5 MPH)
Batting: LHB Marc Durgin 0-0: Fly out, F9 (Line Drive, 89M, EV 100.6 MPH)
Top of the 6th over - 0 runs, 2 hits, 0 errors, 2 left on base; Charleston 1 - Lansing 2
BOTTOM OF THE 6TH
Lansing Lugnuts batting - Pitching for Charleston RiverDogs : RHP Bobby Kosmicki
Batting: RHB Raul de la Cruz 0-0: Ball
1-0: Ball
2-0: Ball
3-0: Called Strike
3-1: Ground out 5-3 (Groundball, 5S, EV 66.9 MPH)
Batting: RHB John Michener 0-0: Ball
1-0: Foul Ball, location: 2F
1-1: Swinging Strike
1-2: Fly out, F9 (Line Drive, 89M, EV 95.6 MPH)
Batting: RHB Dylan Phillips 0-0: Called Strike
0-1: Ball
1-1: Foul Ball, location: 2F
1-2: Ground out U3 (Groundball, 13, EV 82.5 MPH)
Bottom of the 6th over - 0 runs, 0 hits, 0 errors, 0 left on base; Charleston 1 - Lansing 2
TOP OF THE 7TH
Charleston RiverDogs batting - Pitching for Lansing Lugnuts : RHP Danny Walker
Now in RF: Julio Canseco
Batting: RHB Nate Singleton 0-0: Swinging Strike
0-1: Ball
1-1: Foul Ball, location: 2F
1-2: Ground out 4-3 (Groundball, 4, EV 78.8 MPH)
Batting: RHB Matt Alderson 0-0: Ball
1-0: Called Strike
1-1: Fly out, F7 (Line Drive, 7, EV 103.1 MPH)
Pinch Hitting: LHB Ernesto Abreu 0-0: Ball
1-0: Called Strike
1-1: Foul Ball, location: 2F
1-2: Ball
2-2: Ball
3-2: Fly out, F8 (Flyball, 8RM, EV 85.0 MPH)
Top of the 7th over - 0 runs, 0 hits, 0 errors, 0 left on base; Charleston 1 - Lansing 2
BOTTOM OF THE 7TH
Lansing Lugnuts batting - Pitching for Charleston RiverDogs : RHP Bobby Kosmicki
Pitching: RHP Mike Pickens
Now at 3B: Lorenzo Vasquez
Batting: RHB Jamie Ogilvie 0-0: Ground out 6-3 (Groundball, 6, EV 79.4 MPH)
Batting: RHB Dan Muns 0-0: Ball
1-0: Foul Ball, location: 2F
1-1: Ground out 6-3 (Groundball, 6, EV 84.4 MPH)
Batting: RHB Jose Ontiveros 0-0: Foul Ball, location: 2F
0-1: Ball
1-1: Called Strike
1-2: Ball
2-2: Ball
3-2: Strikes out looking
Bottom of the 7th over - 0 runs, 0 hits, 0 errors, 0 left on base; Charleston 1 - Lansing 2
TOP OF THE 8TH
Charleston RiverDogs batting - Pitching for Lansing Lugnuts : RHP Danny Walker
Pitching: RHP Scott Lowry
Batting: LHB Justin O'Neal 0-0: Ball
1-0: Called Strike
1-1: Ball
2-1: Ground out 5-3 (Groundball, 5S, EV 67.5 MPH)
Batting: SHB Corey Penson 0-0: Foul Ball, location: 2F
0-1: Ball
1-1: Ball
2-1: SOLO HOME RUN (Flyball, 9D, EV 96.9 MPH), Distance : 372 ft
Batting: LHB Steve LeGrand 0-0: Ball
1-0: Called Strike
1-1: Ball
2-1: Foul Ball, location: 2F
2-2: Ball
3-2: Ground out 4-3 (Groundball, 4, EV 87.5 MPH)
Batting: RHB Jonathan Iniguez 0-0: Ball
1-0: Foul Ball, location: 2F
1-1: Swinging Strike
1-2: Foul Ball, location: 2F
1-2: Ball
2-2: Ground out 6-3 (Groundball, 6, EV 90.6 MPH)
Top of the 8th over - 1 run, 1 hit, 0 errors, 0 left on base; Charleston 2 - Lansing 2
BOTTOM OF THE 8TH
Lansing Lugnuts batting - Pitching for Charleston RiverDogs : RHP Mike Pickens
Batting: LHB Roger Escareno 0-0: Called Strike
0-1: Ball
1-1: Ball
2-1: Foul Ball, location: 2F
2-2: Fly out, F9 (Flyball, 9D, EV 88.8 MPH)
Pitching: LHP Cory Musial
Pinch Hitting: SHB Gregg Whitecotton 0-0: Called Strike
0-1: Swinging Strike
0-2: Foul Ball, location: 2F
0-2: Ball
1-2: Strikes out swinging
Pinch Hitting: RHB Luis Gomez 0-0: Fly out, F9 (Flyball, 9D, EV 95.0 MPH)
Bottom of the 8th over - 0 runs, 0 hits, 0 errors, 0 left on base; Charleston 2 - Lansing 2
TOP OF THE 9TH
Charleston RiverDogs batting - Pitching for Lansing Lugnuts : RHP Scott Lowry
Pitching: RHP Bill Couch
Now in LF: Luis Gomez
Now in RF: Scott Travis
Batting: LHB Dale Anderson 0-0: Ball
1-0: Called Strike
1-1: Ball
2-1: Fly out, F7 (Flyball, 7LS, EV 98.8 MPH)
Batting: LHB Marc Durgin 0-0: Ball
1-0: Called Strike
1-1: Ball
2-1: Ball
3-1: Base on Balls
Pinch Hitting: LHB Jeremiah Walker 0-0: Ball
1-0: Ball
2-0: SINGLE (Flyball, 89S, EV 92.5 MPH)
Marc Durgin to second
Runner from 2nd tries for 3rd, OUT! 9-5
Pinch Hitting: RHB Mike Zern 0-0: Foul Ball, location: 2F
0-1: Called Strike
0-2: Ball
1-2: Ball
2-2: Ball
3-2: Foul Ball, location: 2F
3-2: Strikes out swinging
Top of the 9th over - 0 runs, 1 hit, 0 errors, 1 left on base; Charleston 2 - Lansing 2
BOTTOM OF THE 9TH
Lansing Lugnuts batting - Pitching for Charleston RiverDogs : LHP Cory Musial
Now at C: Bobby White
Now at SS: Mike Zern
Batting: RHB Raul de la Cruz 0-0: Swinging Strike
0-1: Called Strike
0-2: Strikes out looking
Batting: RHB John Michener 0-0: Ball
1-0: Ball
2-0: Ball
3-0: Called Strike
3-1: Called Strike
3-2: Foul Ball, location: 2F
3-2: Strikes out looking
Batting: RHB Dylan Phillips 0-0: Called Strike
0-1: Called Strike
0-2: Fly out, F9 (Flyball, 9D, EV 83.1 MPH)
Bottom of the 9th over - 0 runs, 0 hits, 0 errors, 0 left on base; Charleston 2 - Lansing 2
TOP OF THE 10TH
Charleston RiverDogs batting - Pitching for Lansing Lugnuts : RHP Bill Couch
Pitching: RHP Steve Schultz
Pinch Hitting: LHB Joe Vida 0-0: Ball
1-0: Called Strike
1-1: Ball
2-1: Ball
3-1: Base on Balls
Batting: LHB Justin O'Neal 0-0: Bunted foul
0-1: Bunt missed!
0-2: Foul Ball, location: 2F
0-2: Strikes out swinging
Batting: SHB Corey Penson 0-0: Ball
1-0: Swinging Strike
1-1: SINGLE (Line Drive, 7S, EV 90.6 MPH)
Joe Vida to second
Batting: LHB Steve LeGrand 0-0: Ball
1-0: Called Strike
1-1: Ball
2-1: Ball
3-1: SINGLE (Groundball, 4D, EV 98.1 MPH)
Joe Vida to third
Corey Penson to second
Batting: RHB Jonathan Iniguez 0-0: Foul Ball, location: 2F
0-1: Ball
1-1: Called Strike
1-2: Foul Ball, location: 2F
1-2: Ball
2-2: Grounds into fielders choice 4-2 (Groundball, 4S, EV 64.4 MPH)
Corey Penson to third
Steve LeGrand to second
Batting: LHB Dale Anderson 0-0: Ground out 4-3 (Groundball, 34D, EV 107.5 MPH)
Top of the 10th over - 0 runs, 2 hits, 0 errors, 3 left on base; Charleston 2 - Lansing 2
BOTTOM OF THE 10TH
Lansing Lugnuts batting - Pitching for Charleston RiverDogs : LHP Cory Musial
Now at 3B: Iften Olujimi
Batting: RHB Jamie Ogilvie 0-0: Ball
1-0: Swinging Strike
1-1: Ground out 5-3 (Groundball, 56, EV 85.6 MPH)
Batting: RHB Dan Muns 0-0: Foul Ball, location: 2F
0-1: Foul Ball, location: 2F
0-2: Ball
1-2: Ball
2-2: Ball
3-2: Fly out, F9 (Flyball, 89D, EV 106.9 MPH)
Pitching: RHP Khayyat bin Faruq
Batting: RHB Jose Ontiveros 0-0: Called Strike
0-1: Ball
1-1: Foul Ball, location: 2F
1-2: Strikes out swinging
Bottom of the 10th over - 0 runs, 0 hits, 0 errors, 0 left on base; Charleston 2 - Lansing 2
TOP OF THE 11TH
Charleston RiverDogs batting - Pitching for Lansing Lugnuts : RHP Steve Schultz
Batting: LHB Marc Durgin 0-0: Ball
1-0: Foul Ball, location: 2F
1-1: Ball
2-1: Called Strike
2-2: Ball
3-2: Ground out 6-3 (Groundball, 6M, EV 106.9 MPH)
Pinch Hitting: RHB Bryan Massey 0-0: Foul Ball, location: 2F
0-1: Ball
1-1: SINGLE (Groundball, 6D, EV 95.0 MPH)
Batting: RHB Mike Zern 0-0: Ball
1-0: Ball
2-0: Grounds into double play, 6-4-3 (Groundball, 6, EV 98.1 MPH)
Top of the 11th over - 0 runs, 1 hit, 0 errors, 0 left on base; Charleston 2 - Lansing 2
BOTTOM OF THE 11TH
Lansing Lugnuts batting - Pitching for Charleston RiverDogs : RHP Khayyat bin Faruq
Now at C: Bryan Massey
Batting: LHB Roger Escareno 0-0: Foul Ball, location: 2F
0-1: Ball
1-1: Ball
2-1: Called Strike
2-2: Ball
3-2: Strikes out swinging
Batting: RHB Scott Travis 0-0: Swinging Strike
0-1: Ball
1-1: Fly out, F6 (Popup, 6MS, EV 71.2 MPH)
Batting: RHB Luis Gomez 0-0: Ball
1-0: Called Strike
1-1: Foul Ball, location: 2F
1-2: Strikes out swinging
Bottom of the 11th over - 0 runs, 0 hits, 0 errors, 0 left on base; Charleston 2 - Lansing 2
TOP OF THE 12TH
Charleston RiverDogs batting - Pitching for Lansing Lugnuts : RHP Steve Schultz
Pitching: LHP Josh Black
Batting: RHB Iften Olujimi 0-0: Foul Ball, location: 2F
0-1: Fly out, F8 (Flyball, 8RD, EV 86.9 MPH)
Batting: LHB Justin O'Neal 0-0: Ball
1-0: Ball
2-0: Ball
3-0: Called Strike
3-1: Foul Ball, location: 2F
3-2: SINGLE (Line Drive, 6MD, EV 105.6 MPH)
Batting: SHB Corey Penson 0-0: Fly out, F4 (Flyball, 34D, EV 86.9 MPH)
Batting: LHB Steve LeGrand 0-0: Ground out 5-3 (Groundball, 56S, EV 86.2 MPH)
Top of the 12th over - 0 runs, 1 hit, 0 errors, 1 left on base; Charleston 2 - Lansing 2
BOTTOM OF THE 12TH
Lansing Lugnuts batting - Pitching for Charleston RiverDogs : RHP Khayyat bin Faruq
Batting: RHB Raul de la Cruz 0-0: Called Strike
0-1: Ball
1-1: Called Strike
1-2: Strikes out swinging
Batting: RHB John Michener 0-0: Foul Ball, location: 2F
0-1: Ball
1-1: Ball
2-1: Swinging Strike
2-2: SINGLE (Groundball, 56D, EV 102.5 MPH)
Batting: RHB Dylan Phillips 0-0: Called Strike
0-1: Ball
1-1: Ball
John Michener steals 2nd base
2-1: Foul Ball, location: 2F
2-2: Foul Ball, location: 2F
2-2: Ball
3-2: Ground out 6-3 (Groundball, P, EV 91.9 MPH)
John Michener to third
Batting: RHB Jamie Ogilvie 0-0: Ball
1-0: Foul Ball, location: 2F
1-1: Ball
2-1: Ball
3-1: Called Strike
3-2: Base on Balls
Pitching: LHP Alex Pulido
Batting: RHB Dan Muns 0-0: Ball
1-0: Ball
2-0: Called Strike
2-1: Ball
3-1: Base on Balls
Jamie Ogilvie to second
Batting: RHB Jose Ontiveros 0-0: Foul Ball, location: 2F
0-1: Swinging Strike
0-2: Ball
1-2: SINGLE (Groundball, 13S, EV 75.0 MPH) (infield hit)
John Michener scores
Bottom of the 12th over - 1 run, 2 hits, 0 errors, 2 left on base; Charleston 2 - Lansing 3
Tuesday, March 28th , 2023 - OOTP Baseball 23.10 Build 110